 Dungeon Crawl Stone Soup version 0.25-a0-426-g7d9e569eea (webtiles) character file.

Game seed: 2115548386088759288, levelgen mode: deterministic

461 MisterFreud the Cutter (level 7, -2/59 HPs)
             Began as a Gnoll Chaos Knight on Jan 24, 2020.
             Was a Plaything of Xom.
             Slain by Grinder (5 damage)
             ... on level 4 of the Dungeon.
             The game lasted 00:06:08 (3102 turns).

MisterFreud the Cutter (Gnoll Chaos Knight)         Turns: 3102, Time: 00:06:08

Health: -2/59      AC:  8    Str: 15    XL:     7   Next: 7%
Magic:  10/10      EV: 12    Int: 16    God:    Xom [......]
Gold:   164        SH:  0    Dex: 14    Spells: 10/10 levels left

rFire    . . .     SeeInvis .   a - +0 short sword (chaos)
rCold    . . .     Gourm    +   (no shield)
rNeg     . . .     Faith    .   A - +0 ring mail (curse)
rPois    .         Spirit   .   x - +1 hat
rElec    .         Reflect  .   (no cloak)
rCorr    .         Harm     .   r - +0 pair of gloves (curse)
MR       +....                  (no boots)
Stlth    +.........             s - amulet of the gourmand
HPRegen  0.19/turn              y - ring of protection from magic
MPRegen  0.12/turn              (no ring)

@: no status effects
A: distributed training, fangs 1, strong nose
a: Renounce Religion


You were on level 4 of the Dungeon.
You worshipped Xom.
You were a very special plaything of Xom.
You were completely stuffed.

You visited 1 branch of the dungeon, and saw 4 of its levels.

You collected 164 gold pieces.

Inventory:

Hand Weapons
 a - a +0 short sword of chaos (weapon)
Missiles
 d - 153 stones (quivered)
 f - 32 arrows
 o - 42 bolts
 B - 2 poisoned darts
Armour
 b - a +2 leather armour
 j - a +0 large shield of reflection
 r - a cursed +0 pair of gloves (worn)
 x - a +1 hat (worn)
 A - a cursed +0 ring mail (worn)
Jewellery
 s - an amulet of the gourmand (around neck)
 y - a ring of protection from magic (left hand)
Wands
 t - a wand of clouds (5)
Scrolls
 l - a scroll of noise {unknown}
 m - 3 scrolls of enchant weapon {unknown}
 p - a scroll of fear {unknown}
 q - 2 scrolls of remove curse {unknown}
 u - a scroll of magic mapping {unknown}
 v - a scroll of amnesia {unknown}
 w - a scroll of enchant armour {unknown}
Potions
 h - a potion of degeneration {unknown}
 k - a potion of heal wounds {unknown}
 n - a potion of brilliance {unknown}
 z - a potion of invisibility
 C - 2 potions of flight
Comestibles
 c - 7 rations


   Skills:
 + Level 6.9 Fighting
 + Level 6.9 Short Blades
 + Level 2.2 Long Blades
 + Level 2.2 Axes
 + Level 2.2 Maces & Flails
 + Level 2.2 Polearms
 + Level 2.2 Staves
 + Level 2.2 Slings
 + Level 2.2 Bows
 + Level 2.2 Crossbows
 + Level 2.2 Throwing
 + Level 5.1 Armour
 + Level 3.4 Dodging
 + Level 2.2 Stealth
 + Level 2.2 Shields
 + Level 2.2 Unarmed Combat
 + Level 2.2 Spellcasting
 + Level 1.8 Conjurations
 + Level 1.8 Hexes
 + Level 1.8 Charms
 + Level 1.8 Summonings
 + Level 1.8 Necromancy
 + Level 1.8 Translocations
 + Level 1.8 Transmutations
 + Level 1.8 Fire Magic
 + Level 1.8 Ice Magic
 + Level 1.8 Air Magic
 + Level 1.8 Earth Magic
 + Level 1.8 Poison Magic
 + Level 2.4 Invocations
 + Level 2.2 Evocations


You had 10 spell levels left.
You didn't know any spells.
Your spell library was empty.

Dungeon Overview and Level Annotations

Branches:
Dungeon (4/15)
 Temple: D:4-7

Altars:
Dithmenos
Gozag
Okawaru
Xom

Shops:
D:4 =

Annotations:
D:3 3 runed translucent doors, night's ghost, novice BaSu
D:4 Grinder


Innate Abilities, Weirdness & Mutations

Your experience applies equally to all skills.
You have very sharp teeth.
Your uncanny sense of smell can sniff out nearby items.


Message History

Grinder is lightly wounded.
Grinder gestures at you. Pain shoots through your body!
You hit Grinder.
Grinder flickers and vanishes!
Deactivating autopickup; reactivate with Ctrl-A.
Something hits you.
You writhe in agony.
* * * LOW HITPOINT WARNING * * *
Unknown command.
You hit something but do no damage. Something hits you but does no damage.
You barely miss something.
Something tries to affect you, but you resist.
Something hits you.
* * * LOW HITPOINT WARNING * * *
You writhe in agony.
* * * LOW HITPOINT WARNING * * *
Something hits you!
* * * LOW HITPOINT WARNING * * *
You writhe in agony.
You die...

...[..#
......$##
.......... ##.
...[.......
#..
##...........#
#...######...
..o.....#
#...#......
#...$....
#.....#
##.....#.
#..@# #....##.
#...# #...# ##
##..## #..# #
##..## #.# #
##..## #..
##..# #. ##..#
.. #......#
#......#### #


There were no monsters in sight!

Vanquished Creatures
  A swamp drake (D:3)
  A scorpion (D:4)
  A worker ant (D:4)
  An orc wizard (D:4)
  Robin (D:3)
  8 gnolls (D:3)
  5 adders
  A river rat (D:3)
  An ooze (D:1)
  A worm (D:3)
  2 dart slugs
  2 leopard geckos
  9 orcs
  7 bats
  A giant cockroach (D:3)
  21 goblins
  9 hobgoblins
  8 jackals
  12 kobolds
  A quokka (D:3)
  2 ball pythons (D:1)
  3 frilled lizards
  3 rats
101 creatures vanquished.

Vanquished Creatures (others)
  A hobgoblin (D:3)
  2 goblins (D:3)
3 creatures vanquished.

Grand Total: 104 creatures vanquished

Notes
Turn   | Place    | Note
-------+----------+-------------------------------------------
     0 | D:1      | MisterFreud the Gnoll Chaos Knight began the quest for the
                  | Orb.
     0 | D:1      | Reached XP level 1. HP: 23/23 MP: 1/1
    62 | D:1      | Reached XP level 2. HP: 29/29 MP: 2/2
   142 | D:1      | XOM: harmless Air miscast
   270 | D:1      | XOM: silly message
   404 | D:1      | Reached XP level 3. HP: 29/35 MP: 3/3
   551 | D:1      | Reached skill level 1 in Invocations
   622 | D:1      | XOM: scenery: create altars
   996 | D:2      | Reached skill level 1 in Long Blades
   996 | D:2      | Reached skill level 1 in Axes
   996 | D:2      | Reached skill level 1 in Maces & Flails
   996 | D:2      | Reached skill level 1 in Polearms
   996 | D:2      | Reached skill level 1 in Staves
   996 | D:2      | Reached skill level 1 in Slings
   996 | D:2      | Reached skill level 1 in Bows
   996 | D:2      | Reached skill level 1 in Crossbows
   996 | D:2      | Reached skill level 1 in Throwing
   996 | D:2      | Reached skill level 1 in Stealth
   996 | D:2      | Reached skill level 1 in Shields
   996 | D:2      | Reached skill level 1 in Unarmed Combat
   996 | D:2      | Reached skill level 1 in Spellcasting
   996 | D:2      | Reached skill level 1 in Evocations
  1003 | D:2      | XOM: god gift: runed longbow {god gift}
  1008 | D:2      | Reached XP level 4. HP: 41/41 MP: 5/5
  1449 | D:3      | Reached skill level 1 in Conjurations
  1449 | D:3      | Reached skill level 1 in Hexes
  1449 | D:3      | Reached skill level 1 in Charms
  1449 | D:3      | Reached skill level 1 in Summonings
  1449 | D:3      | Reached skill level 1 in Necromancy
  1449 | D:3      | Reached skill level 1 in Translocations
  1449 | D:3      | Reached skill level 1 in Transmutations
  1449 | D:3      | Reached skill level 1 in Fire Magic
  1449 | D:3      | Reached skill level 1 in Ice Magic
  1449 | D:3      | Reached skill level 1 in Air Magic
  1449 | D:3      | Reached skill level 1 in Earth Magic
  1449 | D:3      | Reached skill level 1 in Poison Magic
  1484 | D:3      | Reached XP level 5. HP: 34/47 MP: 6/6
  1494 | D:3      | XOM: enchant monster (good)
  1630 | D:3      | XOM: summons friendly shadow imp
  1671 | D:3      | Found a shadowy altar of Dithmenos.
  1768 | D:3      | XOM: summons 2 hostile demons
  2021 | D:3      | XOM: 1-stop teleportation journey
  2138 | D:3      | Noticed Robin
  2149 | D:3      | Killed Robin
  2156 | D:3      | Reached XP level 6. HP: 49/53 MP: 8/8
  2190 | D:3      | XOM: silly message
  2293 | D:3      | Found a runed translucent gate.
  2294 | D:3      | Found a runed translucent gate.
  2299 | D:3      | Found a runed translucent gate.
  2329 | D:3      | Found a faded altar of an unknown god.
  2459 | D:3      | Noticed night's ghost (novice BaSu)
  2478 | D:3      | Noticed a swamp drake
  2478 | D:3      | an ooze changed into a swamp drake
  2479 | D:3      | XOM: polymorph giant cockroach -> river rat
  2481 | D:3      | XOM: fake destruction
  2486 | D:3      | Found an opulent altar of Gozag.
  2486 | D:3      | XOM: 5-stop teleportation journey
  2675 | D:3      | Killed a swamp drake
  2675 | D:3      | Reached skill level 5 in Armour
  2811 | D:3      | XOM: harmless Chrm miscast
  2871 | D:4      | Noticed Grinder
  2885 | D:4      | Found Kaduzith's Jewellery Emporium.
  2885 | D:4      | Found an iron altar of Okawaru.
  2885 | D:4      | XOM: 8-stop teleportation journey
  2981 | D:4      | XOM: polymorph frilled lizard -> orc
  2985 | D:4      | XOM: harmless Ice miscast
  2986 | D:4      | XOM: swap monsters
  2993 | D:4      | Reached XP level 7. HP: 53/59 MP: 10/10
  3058 | D:4      | XOM: harmless Fire miscast
  3060 | D:4      | XOM: enchant monster (bad)
  3083 | D:4      | XOM: 3-stop teleportation journey
  3102 | D:4      | Slain by Grinder

Levels and vault maps discovered:
D:1:      lightli_arrival_lavapool, layout_basic
D:2:      layout_rooms
D:3:      layout_loops_ring, minmay_overflow_temple_star_quad,
          chequers_ecumenical_altar_simple, gammafunk_ghost_necromancy,
          minmay_misc_feat_encased, nicolae_dithmenos_through_a_glass_darkly,
          uniq_robin
D:4:      layout_layer_cave, minmay_shop_enchanted_jewellery,
          lemuel_statue_altar, uniq_blork_the_orc, uniq_grinder

Skill      XL: |  1  2  3  4  5  6 |
---------------+-------------------+-----
Invocations    | 1 2 |  2.4
Long Blades    | 1 2 |  2.2
Axes           | 1 2 |  2.2
Maces & Flails | 1 2 |  2.2
Polearms       | 1 2 |  2.2
Staves         | 1 2 |  2.2
Slings         | 1 2 |  2.2
Bows           | 1 2 |  2.2
Crossbows      | 1 2 |  2.2
Throwing       | 1 2 |  2.2
Stealth        | 1 2 |  2.2
Shields        | 1 2 |  2.2
Unarmed Combat | 1 2 |  2.2
Spellcasting   | 1 2 |  2.2
Evocations     | 1 2 |  2.2
Conjurations   | 1 |  1.8
Hexes          | 1 |  1.8
Charms         | 1 |  1.8
Summonings     | 1 |  1.8
Necromancy     | 1 |  1.8
Translocations | 1 |  1.8
Transmutations | 1 |  1.8
Fire Magic     | 1 |  1.8
Ice Magic      | 1 |  1.8
Air Magic      | 1 |  1.8
Earth Magic    | 1 |  1.8
Poison Magic   | 1 |  1.8
Dodging        | 3 |  3.4
Armour         | 5 |  5.1
Fighting       | |  6.9
Short Blades   | |  6.9

Action                   |  1- 3 |  4- 6 |  7- 9 || total
-------------------------+-------+-------+-------++-------
Melee: Short sword       |   103 |   240 |    34 ||   377
       Bite              |     8 |    32 |     3 ||    43
       Punch             |       |     1 |     1 ||     2
Evoke: Wand              |       |     1 |       ||     1
  Use: Scroll            |       |     3 |       ||     3
       Potion            |       |     4 |       ||     4
 Stab: Paralysed         |     1 |     2 |       ||     3
       Confused          |     1 |       |       ||     1
       Sleeping          |     1 |       |       ||     1
  Eat: Chunk             |       |    26 |     2 ||    28
Armor: Leather armour    |    25 |    17 |       ||    42
       Ring mail         |       |    37 |    12 ||    49
Dodge: Dodged            |    66 |   115 |    15 ||   196

Table legend:
 A = Non-vault XP
 B = Vault XP
 C = Vault XP percentage of total XP
 D = Non-vault monster count
 E = Vault monster count
 F = Vault count percentage of total count
                 A         B        C        D         E       F
            +---------+---------+-------+---------+---------+-------
      Total |     625 |      34 |   5.2 |      91 |      11 |  10.8
            +---------+---------+-------+---------+---------+-------
        D:1 |      64 |       0 |   0.0 |      32 |       0 |   0.0
        D:2 |      56 |       0 |   0.0 |      20 |       0 |   0.0
        D:3 |     331 |      34 |   9.3 |      29 |      11 |  27.5
        D:4 |     174 |       0 |   0.0 |      10 |       0 |   0.0
            +---------+---------+-------+---------+---------+-------
